 Dungeon Crawl Stone Soup version 0.30.1-3-gfc49f6343a (webtiles) character file.

Game seed: 7767337887818522201

145 hurricos the Shooter (level 5, -2/31 HPs)
             Began as a Deep Elf Delver on July 27, 2023.
             Was an Initiate of Cheibriados.
             Slain by a sleepcap (7 damage)
             ... on level 4 of the Dungeon.
             The game lasted 00:03:54 (653 turns).

hurricos the Shooter (Deep Elf Delver)               Turns: 653, Time: 00:03:54

Health: -2/31      AC:  7    Str:  9    XL:     5   Next: 6%
Magic:  7/7        EV:  2    Int: 20    God:    Cheibriados [......]
Gold:   39         SH:  0    Dex: 18    Spells: 4/4 levels left

rFire   . . .        d - +0 sling
rCold   . . .        (no shield)
rNeg    . . .        b - +0 leather armour
rPois   .            (no helmet)
rElec   .            (no cloak)
rCorr   .            (no gloves)
SInv    .            (no boots)
Will    .....        (no amulet)
Stlth   +++          j - +4 ring of protection
HPRegen 0.25/turn    (no ring)
MPRegen 0.10/turn

%: no passive effects
@: sleeping, very slow
A: clever 1, mutation resistance 1
a: Renounce Religion


You were on level 4 of the Dungeon.
You worshipped Cheibriados.
Cheibriados was noncommittal.
You visited 2 branches of the dungeon, and saw 4 of its levels.

You collected 39 gold pieces.

Inventory:

Hand Weapons
 a - a +2 dagger of venom
 d - a +0 sling (weapon)
 f - a +0 short sword
Armour
 b - a +0 leather armour (worn)
Jewellery
 j - a +4 ring of protection (left hand)
Wands
 g - a wand of digging (3)
Scrolls
 c - a scroll of fog
 e - a scroll of fear
 h - a scroll of identify
 k - a scroll of teleportation {unknown}


   Skills:
 - Level 2.4 Fighting
 - Level 2.0 Short Blades
 + Level 6.3 Ranged Weapons
 - Level 2.4 Dodging
 - Level 6.0 Stealth


You had 4 spell levels left.
You didn't know any spells.
Your spell library was empty.

Dungeon Overview and Level Annotations

Branches:
Dungeon (5/15)             Temple (1/1) D:4

Altars:
Cheibriados
Elyvilon
Okawaru
Qazlal
Ru
Sif Muna
Vehumet
Zin
The Shining One


Innate Abilities, Weirdness & Mutations

Your mind is acute. (Int +4, Str/Dex -1)
You are somewhat resistant to further mutation.


Message History

You shoot a sling bullet.
The sling bullet hits the sleepcap but does no damage.
The sleepcap is heavily damaged.
You hear the rapid rusting of a drain nearby.
The sleepcap barely misses you.
Fire: d) +0 sling
Press: ? - help, Q - select action Shift-Dir - straight line, f/p - sleepcap
Aim: a sleepcap (heavily damaged, 98% to hit)
You shoot a sling bullet.
The sling bullet hits the sleepcap but does no damage.
The sleepcap is heavily damaged.
The sleepcap releases spores at you.
* * * LOW HITPOINT WARNING * * *
Unknown command.
Fire: d) +0 sling
Press: ? - help, Q - select action Shift-Dir - straight line, f/p - sleepcap
Aim: a sleepcap (heavily damaged, 98% to hit)
You shoot a sling bullet.
The sling bullet hits the sleepcap but does no damage.
The sleepcap is heavily damaged.
The sleepcap barely misses you.
Unknown command.
Fire: d) +0 sling
Press: ? - help, Q - select action Shift-Dir - straight line, f/p - sleepcap
Aim: a sleepcap (heavily damaged, 98% to hit)
You shoot a sling bullet. The sling bullet hits the sleepcap.
The sleepcap is severely damaged.
The sleepcap releases spores at you but does no damage.
Unknown command.
Fire: d) +0 sling
Press: ? - help, Q - select action Shift-Dir - straight line, f/p - sleepcap
Aim: a sleepcap (severely damaged, 98% to hit)
You shoot a sling bullet. The sling bullet hits the sleepcap.
The sleepcap is severely damaged.
The sleepcap releases spores at you.
* * * LOW HITPOINT WARNING * * *
You are engulfed in a cloud of soporific spores!
You fall asleep.
The sleepcap releases spores at you!
You die...

#._.#..............
........#...........
##..................
....................
.......#.#.#.#.#....
....................
###....#.......#....
#.................
#....#...@...#....
##.#......f.......
#.#.#.......#.... #
#..............
...#.#.#.#.#.###
#............#
#....######### #####


You could see a sleepcap.

Vanquished Creatures
  A phantom (D:3)
  An orc priest (D:5)
  An orc wizard (D:5)
  An adder (D:4)
  A dart slug (D:4)
  An orc (D:5)
  2 goblins
  A hobgoblin (D:4)
  A kobold (D:4)
10 creatures vanquished.

Notes
Turn   | Place    | Note
-------+----------+-------------------------------------------
     0 | D:5      | hurricos the Deep Elf Delver began the quest for the Orb.
     0 | D:5      | Reached XP level 1. HP: 13/13 MP: 3/3
    81 | D:5      | Noticed a scorpion
   117 | D:4      | Found a radiant altar of Vehumet.
   192 | D:4      | Reached skill level 1 in Ranged Weapons
   197 | D:4      | Gained mutation: You are somewhat resistant to further
                  | mutation. [potion of mutation]
   197 | D:4      | Gained mutation: Your mind is acute. (Int +4, Str/Dex -1)
                  | [potion of mutation]
   253 | D:4      | Noticed a phantom
   286 | D:3      | Killed a phantom
   287 | D:3      | Reached skill level 5 in Ranged Weapons
   287 | D:3      | Reached XP level 2. HP: 18/18 MP: 4/4
   287 | D:3      | Reached XP level 3. HP: 22/22 MP: 5/5
   287 | D:3      | Reached XP level 4. HP: 27/27 MP: 6/6
   356 | D:3      | Noticed an ogre
   450 | D:4      | Found a shimmering blue altar of Sif Muna.
   450 | D:4      | Found a staircase to the Ecumenical Temple.
   460 | Temple   | Entered the Ecumenical Temple
   594 | Temple   | Became a worshipper of Cheibriados the Contemplative
   645 | D:4      | Reached XP level 5. HP: 16/31 MP: 7/7
   653 | D:4      | Slain by a sleepcap

Illustrated notes

Levels and vault maps discovered:
D:3:      layout_loops_ring, minmay_misc_feat_plants, uniq_ijyb, uniq_jessica
D:4:      layout_basic, mainiacjoe_overflow_tiny_flanked,
          mainiacjoe_overflow_cross_hatched, lemuel_zombie_altar_yredelemnul,
          minmay_temple_entry_glass, cheibrodos_sewer_entry_bend,
          grunt_decor_junction, guppyfry_shop_venom
D:5:      layout_basic, grunt_temple_overflow_champion_of_chaos,
          lemuel_doored_altar, mainiacjoe_overflow_24_doors, serial_shops,
          kennysheep_mini_moat, serial_bayou_lagoon_a
Temple:   nicolae_temple_superstar

Skill      XL: |  1  2  3  4 |
---------------+-------------+-----
Ranged Weapons | 5 6 |  6.3
Fighting       | |  2.4
Short Blades   | |  2.0
Dodging        | |  2.4
Stealth        | |  6.0

Action                     |  1- 3 |  4- 6 || total
---------------------------+-------+-------++-------
  Melee: Unarmed           |     9 |       ||     9
         Short sword       |     4 |       ||     4
         Dagger            |     1 |    22 ||    23
   Fire: Sling             |    12 |    17 ||    29
    Use: Scroll            |     4 |       ||     4
         Potion            |     3 |       ||     3
   Stab: Sleeping          |     1 |     3 ||     4
 Armour: Skin              |     5 |       ||     5
         Leather armour    |     3 |    15 ||    18
  Dodge: Dodged            |     9 |    27 ||    36
